 Dungeon Crawl Stone Soup version 0.21-a0-584-g185da8e (webtiles) character file.

44 Gerstahl the Slasher (level 3, -1/29 HPs)
             Began as a Demonspawn Gladiator on Dec 21, 2017.
             Slain by a sky beast (5 damage)
             ... on level 2 of the Dungeon.
             The game lasted 00:05:14 (1563 turns).

Gerstahl the Slasher (Demonspawn Gladiator)         Turns: 1563, Time: 00:05:14

Health: -1/29      AC:  4    Str: 15    XL:     3   Next: 41%
Magic:  0/3        EV: 12    Int:  9    God:
Gold:   46         SH:  0    Dex: 14    Spells: 2/2 levels left

rFire    . . .     SeeInvis .   a - +0 long sword
rCold    . . .     Gourm    .   (no shield)
rNeg     . . .     Faith    .   b - +0 leather armour
rPois    .         Spirit   +   c - +0 helmet
rElec    .         Reflect  .   i - scarf {Spirit}
rCorr    .         Harm     .   (no gloves)
MR       .....                  (no boots)
Stlth    +.........             (no amulet)
HPRegen  0.09/turn              k - ring of wizardry
MPRegen  0.08/turn              (no ring)

@: no status effects
A: hooves 1
a: no special abilities


You were on level 2 of the Dungeon.
You were not hungry.

You visited 1 branch of the dungeon, and saw 2 of its levels.

You collected 46 gold pieces.

Inventory:

Hand Weapons
 a - a +0 long sword (weapon)
Armour
 b - a +0 leather armour (worn)
 c - a +0 helmet (worn)
 i - a scarf of spirit shield (worn)
Jewellery
 k - a ring of wizardry (left hand)
Scrolls
 h - 3 scrolls of identify {unknown}
 l - 2 scrolls of enchant armour {unknown}
 m - a scroll of teleportation {unknown}
 n - a scroll of enchant weapon {unknown}
 p - a scroll of fear {unknown}
Potions
 e - a potion of mutation {unknown}
 g - a potion of ambrosia {unknown}
 j - a potion of agility {unknown}
 q - a potion of magic {unknown}
Comestibles
 f - 2 rations
 o - a chunk of flesh


   Skills:
 + Level 3.0 Fighting
 + Level 3.4 Long Blades
 - Level 1.7 Throwing
 - Level 2.6 Dodging


You had 2 spell levels left.
You didn't know any spells.

Dungeon Overview and Level Annotations

Branches:
Dungeon (2/15)

Altars:


Innate Abilities, Weirdness & Mutations

You have large cloven feet.


Message History

Throwing (i - inventory):
d - 2 throwing nets (quivered)
Press: ? - help, Shift-Dir - straight line, f - sky beast
Aim: a sky beast (heavily wounded)
You throw a throwing net.
The throwing net closely misses the sky beast.
The sky beast barely misses you.
Throwing (i - inventory):
d - a throwing net (quivered)
Press: ? - help, Shift-Dir - straight line, f/p - sky beast
Aim: a sky beast (heavily wounded)
You throw a throwing net.
The throwing net closely misses the sky beast.
The sky beast flickers out of sight!
Deactivating autopickup; reactivate with Ctrl-A.
Something hits you. Something shocks you.
You hit something but do no damage. Something hits you. Something shocks you.
* * * LOW HITPOINT WARNING * * *
You closely miss something. Something hits you.
* * * LOW HITPOINT WARNING * * *
Something shocks you.
You die...

#.#.#.#.#.#.#.#.#.##
#..................# .#
#.#.#.#.#.#.#.#.#.## #.#
#..................# #.#
#.#.#.#.#.#<#.#.#.####<####
#.#...#######..............
#.....# ##.##.....[###
###...########{##..)...#
#............@.##......#
#.#...#######..###.###.# #.#####
#..# #.# #.# #.#
########<.###.###.####.##
####.####.....###................
......................>..........
####.####.....###.###.###.####(##
#.# #.....# #.... ....# # #.#
#.....# #..... ...#


There were no monsters in sight!

Vanquished Creatures
  An adder (D:2)
  4 bats
  A giant cockroach (D:1)
  7 hobgoblins
  9 kobolds (D:1)
  A quokka (D:2)
  2 frilled lizards (D:1)
  3 goblins (D:1)
  8 rats (D:1)
36 creatures vanquished.

Notes
Turn   | Place    | Note
-------+----------+-------------------------------------------
     0 | D:1      | Gerstahl the Demonspawn Gladiator began the quest for the Orb.
     0 | D:1      | Reached XP level 1. HP: 16/16 MP: 1/1
   391 | D:1      | Gained mutation: You have large cloven feet. [demonic ancestry]
   391 | D:1      | Reached XP level 2. HP: 17/23 MP: 2/2
  1102 | D:1      | Reached XP level 3. HP: 27/28 MP: 3/3
  1490 | D:2      | Noticed a sky beast
  1563 | D:2      | Slain by a sky beast

Vault maps used:
D:1:      minmay_arrival_solitary_statue, minmay_bisected
D:2:      first_ration, st_stairs_12

Skill      XL: |  1  2  3 |
---------------+----------+-----
Long Blades    | 3 |  3.4
Fighting       | 3 |  3.0
Throwing       | |  1.7
Dodging        | |  2.6

Action                   || total
-------------------------++-------
Melee: Long sword        ||    95
       Kick              ||    18
Throw: Throwing net      ||     3
 Stab: Held in net/web   ||     1
       Sleeping          ||     1
  Eat: Chunk             ||     2
Armor: Leather armour    ||    30
Dodge: Dodged            ||    70
       Rpst.: Long sword ||    25

Table legend:
 A = Spawn XP
 B = Non-spawn XP
 C = Spawn XP percentage of total XP
 D = Spawn monster count
 E = Non-spawn monster count
 F = Spawn count percentage of total count
 G = Total turns spent on level
                    A         B        C        D         E        F      G
               +---------+---------+-------+---------+---------+-------+---------
         Total |       0 |      64 |   0.0 |       0 |      36 |   0.0 |  1563
               +---------+---------+-------+---------+---------+-------+---------
           D:1 |       0 |      44 |   0.0 |       0 |      32 |   0.0 |  1260
           D:2 |       0 |      20 |   0.0 |       0 |       4 |   0.0 |   303
               +---------+---------+-------+---------+---------+-------+---------
